| TOP OF THE 1ST |
|
Brockton Rox batting - Pitching for London Majors : RHP Brian Bailes
|
|
Pitching: RHP Brian Bailes
|
|
|
Batting: RHB Sal Rivera
|
0-0: Ball 1-0: Called Strike 1-1: Ball 2-1: Swinging Strike 2-2: Reached on error, E7 (Flyball, 7D, EV 101.9 MPH)
|
|
Batting: LHB John Buff
|
0-0: Ball 1-0: Ball 2-0: Ball 3-0: Called Strike 3-1: Base on Balls
|
|
Batting: RHB Ted Emmerich
|
0-0: Foul Ball, location: 2F 0-1: Ball 1-1: SINGLE (Groundball, 6, EV 95.0 MPH) Sal Rivera to third John Buff to second Runner from 3rd tries for Home, throw by CF and OUT! 8-2
|
|
Batting: LHB Carlos Guerra
|
0-0: Ball 1-0: Foul Ball, location: 2F 1-1: Swinging Strike 1-2: DOUBLE (Line Drive, 5D, EV 95.6 MPH) John Buff scores Ted Emmerich to third
|
|
Batting: LHB Danny Montoya
|
0-0: Ball 1-0: Called Strike 1-1: Foul Ball, location: 2F 1-2: Fly out, F8 (Flyball, 78M, EV 98.8 MPH) Runner from 3rd tags up, OUT at HOME! 8-2
|
| Top of the 1st over - 1 run, 2 hits, 1 error, 1 left on base; Brockton 1 - London 0 |
| BOTTOM OF THE 1ST |
|
London Majors batting - Pitching for Brockton Rox : RHP Ryuhei Shimabukuro
|
|
Pitching: RHP Ryuhei Shimabukuro
|
|
|
Batting: RHB Frank Caulfield
|
0-0: Ball 1-0: Called Strike 1-1: Foul Ball, location: 2F 1-2: SINGLE (Groundball, 25, EV 68.8 MPH) (infield hit)
|
|
Batting: RHB Brock Van Gilder
|
0-0: Ball Frank Caulfield steals 2nd base 1-0: SINGLE (Line Drive, 5D, EV 102.5 MPH) Frank Caulfield to third
|
|
Batting: LHB Frank Nelson
|
0-0: Ball 1-0: Grounds into double play, 5-4-3 (Groundball, 5, EV 80.6 MPH) Frank Caulfield scores
|
|
Batting: LHB Kurt Estep
|
0-0: Ground out 6-3 (Groundball, 4M, EV 78.8 MPH)
|
| Bottom of the 1st over - 1 run, 2 hits, 0 errors, 0 left on base; Brockton 1 - London 1 |
| TOP OF THE 2ND |
|
Brockton Rox batting - Pitching for London Majors : RHP Brian Bailes
|
|
Batting: RHB Jim Hubbard
|
0-0: Ball 1-0: Called Strike 1-1: Ball 2-1: Ball 3-1: Foul Ball, location: 2F 3-2: Base on Balls
|
|
Batting: RHB Alex Melendez
|
0-0: Ball 1-0: Called Strike 1-1: Ball 2-1: Foul Ball, location: 2F 2-2: Strikes out swinging
|
|
Batting: RHB Josh Smith
|
0-0: Called Strike 0-1: Ball 1-1: Ball Wild Pitch! Jim Hubbard to second 2-1: Swinging Strike 2-2: Strikes out swinging
|
|
Batting: RHB Travis Campbell
|
0-0: Ball 1-0: Foul Ball, location: 2F 1-1: Ball 2-1: Called Strike 2-2: Strikes out swinging
|
| Top of the 2nd over - 0 runs, 0 hits, 0 errors, 1 left on base; Brockton 1 - London 1 |
| BOTTOM OF THE 2ND |
|
London Majors batting - Pitching for Brockton Rox : RHP Ryuhei Shimabukuro
|
|
Batting: RHB Luis Gomez
|
0-0: Ball 1-0: Ball 2-0: Ball 3-0: Called Strike 3-1: Foul Ball, location: 2F 3-2: DOUBLE (Groundball, 5L, EV 104.4 MPH)
|
|
Batting: RHB Chris Martin
|
0-0: Called Strike 0-1: Ball 1-1: Swinging Strike 1-2: Ball 2-2: Foul Ball, location: 2F 2-2: Ball 3-2: Foul Ball, location: 2F 3-2: Base on Balls
|
|
Batting: RHB Bill Murray
|
0-0: Ball 1-0: Called Strike 1-1: Foul Ball, location: 2F 1-2: Ball 2-2: Fly out, F7 (Flyball, 7, EV 94.4 MPH)
|
|
Batting: RHB Bobby Lasaguna
|
0-0: Swinging Strike 0-1: Called Strike Luis Gomez is caught stealing 3rd base 2-5 Chris Martin to second 0-2: Ball 1-2: Strikes out looking
|
| Bottom of the 2nd over - 0 runs, 1 hit, 0 errors, 1 left on base; Brockton 1 - London 1 |
| TOP OF THE 3RD |
|
Brockton Rox batting - Pitching for London Majors : RHP Brian Bailes
|
|
Batting: RHB Sal Rivera
|
0-0: Called Strike 0-1: Called Strike 0-2: Ball 1-2: Foul Ball, location: 2F 1-2: Foul Ball, location: 2F 1-2: Strikes out swinging
|
|
Batting: LHB John Buff
|
0-0: Ball 1-0: Called Strike 1-1: Ball 2-1: Ball 3-1: Base on Balls
|
|
Batting: RHB Ted Emmerich
|
0-0: Ball 1-0: Called Strike 1-1: Swinging Strike 1-2: Strikes out swinging John Buff steals 2nd base Batter strikes out.
|
|
Batting: LHB Carlos Guerra
|
0-0: Ground out 4-3 (Groundball, 4, EV 83.1 MPH)
|
| Top of the 3rd over - 0 runs, 0 hits, 0 errors, 1 left on base; Brockton 1 - London 1 |
| BOTTOM OF THE 3RD |
|
London Majors batting - Pitching for Brockton Rox : RHP Ryuhei Shimabukuro
|
|
Batting: RHB Terry Plumley
|
0-0: SOLO HOME RUN (Flyball, 78XD, EV 106.9 MPH), Distance : 409 ft
|
|
Batting: RHB Frank Caulfield
|
0-0: Ball 1-0: Foul Ball, location: 2F 1-1: Ball 2-1: Foul Ball, location: 2F 2-2: SINGLE (Line Drive, 78M, EV 112.5 MPH)
|
|
Batting: RHB Brock Van Gilder
|
0-0: Ball 1-0: Called Strike Frank Caulfield steals 2nd base 1-1: Ground out 5-3 (Groundball, 56, EV 88.1 MPH)
|
|
Batting: LHB Frank Nelson
|
0-0: Ball 1-0: Ball Frank Caulfield steals 3rd base 2-0: Called Strike 2-1: Foul Ball, location: 2F 2-2: Ball 3-2: Strikes out swinging
|
|
Batting: LHB Kurt Estep
|
0-0: Ball 1-0: Called Strike 1-1: Foul Ball, location: 2F 1-2: Strikes out swinging
|
| Bottom of the 3rd over - 1 run, 2 hits, 0 errors, 1 left on base; Brockton 1 - London 2 |
| TOP OF THE 4TH |
|
Brockton Rox batting - Pitching for London Majors : RHP Brian Bailes
|
|
Batting: LHB Danny Montoya
|
0-0: Called Strike 0-1: Foul Ball, location: 2F 0-2: Strikes out swinging
|
|
Batting: RHB Jim Hubbard
|
0-0: Called Strike 0-1: Foul Ball, location: 2F 0-2: Strikes out looking
|
|
Batting: RHB Alex Melendez
|
0-0: Foul Ball, location: 2F 0-1: Swinging Strike 0-2: Ball 1-2: Strikes out looking
|
| Top of the 4th over - 0 runs, 0 hits, 0 errors, 0 left on base; Brockton 1 - London 2 |
| BOTTOM OF THE 4TH |
|
London Majors batting - Pitching for Brockton Rox : RHP Ryuhei Shimabukuro
|
|
Batting: RHB Luis Gomez
|
0-0: Ball 1-0: Called Strike 1-1: Ball 2-1: Ground out 6-3 (Groundball, 6, EV 99.4 MPH)
|
|
Batting: RHB Chris Martin
|
0-0: Ball 1-0: Called Strike 1-1: Foul Ball, location: 2F 1-2: Ball 2-2: Foul Ball, location: 2F 2-2: Ball 3-2: Foul Ball, location: 2F 3-2: Ground out 1-3 (Groundball, 15S, EV 63.1 MPH)
|
|
Batting: RHB Bill Murray
|
0-0: Ball 1-0: Called Strike 1-1: SINGLE (Groundball, 5S, EV 69.4 MPH) (infield hit)
|
|
Batting: RHB Bobby Lasaguna
|
0-0: Called Strike Bill Murray steals 2nd base 0-1: Swinging Strike 0-2: Fly out, F6 (Popup, 6MD, EV 67.5 MPH)
|
| Bottom of the 4th over - 0 runs, 1 hit, 0 errors, 1 left on base; Brockton 1 - London 2 |
| TOP OF THE 5TH |
|
Brockton Rox batting - Pitching for London Majors : RHP Brian Bailes
|
|
Batting: RHB Josh Smith
|
0-0: Called Strike 0-1: Ball 1-1: SINGLE (Groundball, 56D, EV 97.5 MPH)
|
|
Batting: RHB Travis Campbell
|
0-0: Called Strike 0-1: Called Strike 0-2: Strikes out swinging
|
|
Batting: RHB Sal Rivera
|
0-0: Foul Ball, location: 2F 0-1: Ball 1-1: Ball 2-1: Fielders Choice at 2nd, 6-4 (Groundball, 6, EV 78.8 MPH)
|
|
Batting: LHB John Buff
|
0-0: Ball Sal Rivera steals 2nd base 1-0: Foul Ball, location: 2F 1-1: Foul Ball, location: 2F 1-2: Ball 2-2: Foul Ball, location: 2F 2-2: Ball 3-2: SINGLE (Line Drive, 6D, EV 95.6 MPH) Sal Rivera to third Runner from 3rd tries for Home, SAFE, throw by LF to home
|
|
Batting: RHB Ted Emmerich
|
0-0: Swinging Strike 0-1: Ball 1-1: Called Strike John Buff is caught stealing 2nd base 2-4
|
| Top of the 5th over - 1 run, 2 hits, 0 errors, 0 left on base; Brockton 2 - London 2 |
| BOTTOM OF THE 5TH |
|
London Majors batting - Pitching for Brockton Rox : RHP Ryuhei Shimabukuro
|
|
Batting: RHB Terry Plumley
|
0-0: Ball 1-0: Called Strike 1-1: Foul Ball, location: 2F 1-2: Foul Ball, location: 2F 1-2: Ground out 6-3 (Groundball, 6S, EV 80.0 MPH)
|
|
Batting: RHB Frank Caulfield
|
0-0: Called Strike 0-1: Ball 1-1: Swinging Strike 1-2: Ground out 5-3 (Groundball, 56S, EV 86.2 MPH)
|
|
Batting: RHB Brock Van Gilder
|
0-0: Fly out, F9 (Flyball, 9LS, EV 76.2 MPH)
|
| Bottom of the 5th over - 0 runs, 0 hits, 0 errors, 0 left on base; Brockton 2 - London 2 |
| TOP OF THE 6TH |
|
Brockton Rox batting - Pitching for London Majors : RHP Brian Bailes
|
|
Batting: RHB Ted Emmerich
|
0-0: Ball 1-0: Fly out, F7 (Flyball, 7, EV 85.0 MPH)
|
|
Batting: LHB Carlos Guerra
|
0-0: Ground out 4-3 (Groundball, 4, EV 85.0 MPH)
|
|
Batting: LHB Danny Montoya
|
0-0: Ball 1-0: Called Strike 1-1: Swinging Strike 1-2: Strikes out swinging
|
| Top of the 6th over - 0 runs, 0 hits, 0 errors, 0 left on base; Brockton 2 - London 2 |
| BOTTOM OF THE 6TH |
|
London Majors batting - Pitching for Brockton Rox : RHP Ryuhei Shimabukuro
|
|
Batting: LHB Frank Nelson
|
0-0: Swinging Strike 0-1: Foul Ball, location: 2F 0-2: Ball 1-2: Ball 2-2: Foul Ball, location: 2F 2-2: Foul Ball, location: 2F 2-2: Foul Ball, location: 2F 2-2: Ball 3-2: Fly out, F8 (Line Drive, 8RD, EV 95.0 MPH)
|
|
Pitching: LHP Chris Deans
|
|
|
Batting: LHB Kurt Estep
|
0-0: Fly out, F7 (Flyball, 7LM, EV 88.8 MPH)
|
|
Batting: RHB Luis Gomez
|
0-0: Called Strike 0-1: Ball 1-1: Fly out, F4 (Flyball, 4MD, EV 89.4 MPH)
|
| Bottom of the 6th over - 0 runs, 0 hits, 0 errors, 0 left on base; Brockton 2 - London 2 |
| TOP OF THE 7TH |
|
Brockton Rox batting - Pitching for London Majors : RHP Brian Bailes
|
|
Batting: RHB Jim Hubbard
|
0-0: Called Strike 0-1: Swinging Strike 0-2: Ball 1-2: Strikes out swinging
|
|
Batting: RHB Alex Melendez
|
0-0: Swinging Strike 0-1: Foul Ball, location: 2F 0-2: Ball 1-2: Ball 2-2: Strikes out swinging
|
|
Batting: RHB Josh Smith
|
0-0: Foul Ball, location: 2F 0-1: Ball 1-1: Foul Ball, location: 2F 1-2: Foul Ball, location: 2F 1-2: Fly out, F8 (Flyball, 8LM, EV 92.5 MPH)
|
| Top of the 7th over - 0 runs, 0 hits, 0 errors, 0 left on base; Brockton 2 - London 2 |
| BOTTOM OF THE 7TH |
|
London Majors batting - Pitching for Brockton Rox : LHP Chris Deans
|
|
Batting: RHB Chris Martin
|
0-0: Ball 1-0: Ball 2-0: Called Strike 2-1: DOUBLE (Flyball, 78D, EV 107.5 MPH)
|
|
Batting: RHB Bill Murray
|
0-0: Ball 1-0: Fly out, F8 (Flyball, 89D, EV 104.4 MPH) Runner from 2nd tags up, SAFE at 3rd, no throw by CF
|
|
Batting: RHB Bobby Lasaguna
|
0-0: Called Strike 0-1: Ball 1-1: Called Strike 1-2: SINGLE (Groundball, 34D, EV 98.8 MPH) Chris Martin scores
|
|
Batting: RHB Terry Plumley
|
0-0: Ball 1-0: Called Strike 1-1: Ball 2-1: Ball 3-1: Called Strike 3-2: Base on Balls Bobby Lasaguna to second
|
|
Batting: RHB Frank Caulfield
|
0-0: Called Strike 0-1: Called Strike 0-2: Ball 1-2: Strikes out swinging
|
|
Batting: RHB Brock Van Gilder
|
0-0: Swinging Strike 0-1: Ball 1-1: Ball 2-1: Foul Ball, location: 2F 2-2: SINGLE (Groundball, 25, EV 61.2 MPH) (infield hit) Bobby Lasaguna to third Terry Plumley to second
|
|
Batting: LHB Frank Nelson
|
0-0: Ball 1-0: Foul Ball, location: 2F 1-1: Called Strike 1-2: Ground out U3 (Groundball, 34, EV 98.1 MPH)
|
| Bottom of the 7th over - 1 run, 3 hits, 0 errors, 3 left on base; Brockton 2 - London 3 |
| TOP OF THE 8TH |
|
Brockton Rox batting - Pitching for London Majors : RHP Brian Bailes
|
|
Pinch Hitting: LHB Miguel Maymi
|
0-0: Ground out 6-3 (Groundball, 56, EV 80.0 MPH)
|
|
Pinch Hitting: LHB Aaron Brannon
|
0-0: DOUBLE (Flyball, 9LD, EV 113.1 MPH)
|
|
Batting: LHB John Buff
|
0-0: Ball 1-0: Called Strike 1-1: Called Strike 1-2: Foul Ball, location: 2F 1-2: Ball 2-2: Ball 3-2: Strikes out looking
|
|
Pinch Hitting: LHB Mike Hutcheson
|
0-0: Ball 1-0: Foul Ball, location: 2F 1-1: Foul Ball, location: 2F 1-2: Ball 2-2: Ball 3-2: Foul Ball, location: 2F 3-2: Strikes out swinging
|
| Top of the 8th over - 0 runs, 1 hit, 0 errors, 1 left on base; Brockton 2 - London 3 |
| BOTTOM OF THE 8TH |
|
London Majors batting - Pitching for Brockton Rox : LHP Chris Deans
|
|
Pitching: LHP Jon Convery
|
|
|
Now at 3B: Mike Griffin
|
|
|
Now at SS: Miguel Maymi
|
|
|
Now in RF: Mike Hutcheson
|
|
|
Batting: LHB Kurt Estep
|
0-0: Ball 1-0: Fly out, F8 (Flyball, 8LXD, EV 98.1 MPH)
|
|
Batting: RHB Luis Gomez
|
0-0: Ball 1-0: Foul Ball, location: 2F 1-1: Fly out, F9 (Flyball, 9LS, EV 89.4 MPH)
|
|
Batting: RHB Chris Martin
|
0-0: Fly out, F6 (Line Drive, 6, EV 73.1 MPH)
|
| Bottom of the 8th over - 0 runs, 0 hits, 0 errors, 0 left on base; Brockton 2 - London 3 |
| TOP OF THE 9TH |
|
Brockton Rox batting - Pitching for London Majors : RHP Brian Bailes
|
|
Pitching: RHP Sergio Valdivia
|
|
|
Now at 1B: Bobby Roldan
|
|
|
Batting: LHB Carlos Guerra
|
0-0: Ball 1-0: Swinging Strike 1-1: Called Strike 1-2: Strikes out swinging
|
|
Batting: LHB Danny Montoya
|
0-0: Called Strike 0-1: Called Strike 0-2: Ball 1-2: Strikes out swinging
|
|
Batting: RHB Jim Hubbard
|
0-0: Called Strike 0-1: Called Strike 0-2: Ball 1-2: SOLO HOME RUN (Flyball, 89XD, EV 112.5 MPH), Distance : 436 ft
|
|
Batting: RHB Alex Melendez
|
0-0: Ball 1-0: Swinging Strike 1-1: Ball 2-1: Ground out 5-3 (Groundball, 5, EV 104.4 MPH)
|
| Top of the 9th over - 1 run, 1 hit, 0 errors, 0 left on base; Brockton 3 - London 3 |
| BOTTOM OF THE 9TH |
|
London Majors batting - Pitching for Brockton Rox : LHP Jon Convery
|
|
Pinch Hitting: LHB Devin Huber
|
0-0: Fly out, F8 (Flyball, 8LM, EV 95.6 MPH)
|
|
Batting: RHB Bobby Lasaguna
|
0-0: Foul Ball, location: 2F 0-1: Foul Ball, location: 2F 0-2: Ball 1-2: Ball 2-2: Foul Ball, location: 2F 2-2: Fly out, F8 (Flyball, 8RS, EV 73.8 MPH)
|
|
Batting: RHB Terry Plumley
|
0-0: Ground out 6-3 (Groundball, 6, EV 102.5 MPH)
|
| Bottom of the 9th over - 0 runs, 0 hits, 0 errors, 0 left on base; Brockton 3 - London 3 |
| TOP OF THE 10TH |
|
Brockton Rox batting - Pitching for London Majors : RHP Sergio Valdivia
|
|
Now at 1B: Mike Chamberlain
|
|
|
Batting: RHB Josh Smith
|
0-0: Ball 1-0: Ball 2-0: Ball 3-0: Called Strike 3-1: Called Strike 3-2: Foul Ball, location: 2F 3-2: Strikes out looking
|
|
Batting: LHB Miguel Maymi
|
0-0: Ball 1-0: Ball 2-0: Ball 3-0: Called Strike 3-1: Foul Ball, location: 2F 3-2: Ground out 3-1 (Groundball, 34, EV 93.1 MPH)
|
|
Batting: RHB Mike Griffin
|
0-0: Swinging Strike 0-1: Ball 1-1: Ball 2-1: Ground out 4-3 (Groundball, 4, EV 103.8 MPH)
|
| Top of the 10th over - 0 runs, 0 hits, 0 errors, 0 left on base; Brockton 3 - London 3 |
| BOTTOM OF THE 10TH |
|
London Majors batting - Pitching for Brockton Rox : LHP Jon Convery
|
|
Pitching: RHP Danny Marquez
|
|
|
Batting: RHB Frank Caulfield
|
0-0: Ball 1-0: Foul Ball, location: 2F 1-1: Foul Ball, location: 2F 1-2: Hit by Pitch
|
|
Batting: RHB Brock Van Gilder
|
0-0: Sac Bunt to 13 - play at first, batter OUT! 1-4 Frank Caulfield to second
|
|
Batting: LHB Frank Nelson
|
0-0: Intentional Walk
|
|
Batting: LHB Kurt Estep
|
0-0: Ball 1-0: Hit by Pitch Frank Caulfield to third Frank Nelson to second
|
|
Batting: RHB Luis Gomez
|
0-0: Called Strike 0-1: Ball 1-1: Ball 2-1: Fly out, F9 (Flyball, 9S, EV 74.4 MPH)
|
|
Batting: RHB Chris Martin
|
0-0: Ball 1-0: Fly out, F7 (Flyball, 7, EV 92.5 MPH)
|
| Bottom of the 10th over - 0 runs, 0 hits, 0 errors, 3 left on base; Brockton 3 - London 3 |
| TOP OF THE 11TH |
|
Brockton Rox batting - Pitching for London Majors : RHP Sergio Valdivia
|
|
Pitching: LHP Mario Amore
|
|
|
Batting: LHB John Buff
|
0-0: Called Strike 0-1: Called Strike 0-2: Strikes out looking
|
|
Pinch Hitting: RHB Scott Hawkins
|
0-0: Foul Ball, location: 2F 0-1: Ball 1-1: Hit by Pitch
|
|
Batting: LHB Carlos Guerra
|
0-0: Ball 1-0: Called Strike 1-1: Ball 2-1: Ball 3-1: Foul Ball, location: 2F 3-2: Strikes out swinging
|
|
Batting: LHB Danny Montoya
|
0-0: Foul Ball, location: 2F 0-1: Ball Pickoff Throw by Catcher to First - Out!
|
| Top of the 11th over - 0 runs, 0 hits, 0 errors, 0 left on base; Brockton 3 - London 3 |
| BOTTOM OF THE 11TH |
|
London Majors batting - Pitching for Brockton Rox : RHP Danny Marquez
|
|
Now in LF: Scott Hawkins
|
|
|
Now in RF: Jim Hubbard
|
|
|
Batting: RHB Mike Chamberlain
|
0-0: Swinging Strike 0-1: Ball 1-1: Ground out 6-3 (Groundball, 6, EV 85.0 MPH)
|
|
Batting: RHB Bobby Lasaguna
|
0-0: Called Strike 0-1: Ball 1-1: Called Strike 1-2: Strikes out swinging
|
|
Batting: RHB Norm Mercer
|
0-0: Ball 1-0: Ball 2-0: Called Strike 2-1: Foul Ball, location: 2F 2-2: Strikes out looking
|
| Bottom of the 11th over - 0 runs, 0 hits, 0 errors, 0 left on base; Brockton 3 - London 3 |
| TOP OF THE 12TH |
|
Brockton Rox batting - Pitching for London Majors : LHP Mario Amore
|
|
Batting: LHB Danny Montoya
|
0-0: Ball 1-0: Ball 2-0: Fly out, F5 (Popup, 25F, EV 91.2 MPH)
|
|
Batting: RHB Jim Hubbard
|
0-0: Called Strike 0-1: Fly out, F7 (Flyball, 78M, EV 95.6 MPH)
|
|
Batting: RHB Alex Melendez
|
0-0: Fly out, F6 (Popup, 56, EV 80.6 MPH)
|
| Top of the 12th over - 0 runs, 0 hits, 0 errors, 0 left on base; Brockton 3 - London 3 |
| BOTTOM OF THE 12TH |
|
London Majors batting - Pitching for Brockton Rox : RHP Danny Marquez
|
|
Pitching: LHP Anton Lara
|
|
|
Batting: RHB Frank Caulfield
|
0-0: Foul Ball, location: 2F 0-1: Ball 1-1: Foul Ball, location: 2F 1-2: SINGLE (Line Drive, 8LS, EV 104.4 MPH)
|
|
Batting: RHB Brock Van Gilder
|
0-0: Ball 1-0: Ball 2-0: Grounds into double play, 6-4-3 (Groundball, 6, EV 91.2 MPH)
|
|
Pinch Hitting: RHB Stephen Casteel
|
0-0: SINGLE (Line Drive, 89S, EV 107.5 MPH)
|
|
Pinch Hitting: RHB Victor Ayala
|
0-0: Ball Stephen Casteel steals 2nd base 1-0: Fly out, F2 (Popup, 13S, EV 81.2 MPH)
|
| Bottom of the 12th over - 0 runs, 2 hits, 0 errors, 1 left on base; Brockton 3 - London 3 |
| TOP OF THE 13TH |
|
Brockton Rox batting - Pitching for London Majors : LHP Mario Amore
|
|
Now in CF: Matt Shepard
|
|
|
Now in RF: Eddie Muniz
|
|
|
Batting: RHB Josh Smith
|
0-0: Ball 1-0: Foul Ball, location: 2F 1-1: Foul Ball, location: 2F 1-2: Ball 2-2: Ball 3-2: Foul Ball, location: 2F 3-2: Strikes out swinging
|
|
Batting: LHB Miguel Maymi
|
0-0: Ball 1-0: Called Strike 1-1: Ball 2-1: Foul Ball, location: 2F 2-2: Ball 3-2: TRIPLE (Flyball, 9LD, EV 115.0 MPH)
|
|
Batting: RHB Mike Griffin
|
0-0: Intentional Walk
|
|
Batting: LHB John Buff
|
0-0: Ball 1-0: Ball 2-0: Foul Ball, location: 2F 2-1: Ground out 5-3 (Groundball, 25, EV 65.6 MPH) Mike Griffin to second
|
|
Batting: RHB Scott Hawkins
|
0-0: Ball 1-0: Called Strike 1-1: Ball 2-1: Swinging Strike 2-2: Foul Ball, location: 2F 2-2: Fly out, F4 (Line Drive, 4, EV 69.4 MPH)
|
| Top of the 13th over - 0 runs, 1 hit, 0 errors, 2 left on base; Brockton 3 - London 3 |
| BOTTOM OF THE 13TH |
|
London Majors batting - Pitching for Brockton Rox : LHP Anton Lara
|
|
Batting: RHB Luis Gomez
|
0-0: Ball 1-0: Ball 2-0: Ball 3-0: Called Strike 3-1: Ground out U3 (Groundball, 3L, EV 84.4 MPH)
|
|
Batting: RHB Chris Martin
|
0-0: Foul Ball, location: 2F 0-1: Ball 1-1: Ball 2-1: Ball 3-1: Base on Balls
|
|
Batting: RHB Mike Chamberlain
|
0-0: Ball 1-0: Called Strike 1-1: Ball 2-1: Fly out, F8 (Flyball, 8RM, EV 91.9 MPH)
|
|
Batting: RHB Bobby Lasaguna
|
0-0: Ball 1-0: Called Strike 1-1: Ball 2-1: Foul Ball, location: 2F 2-2: Foul Ball, location: 2F 2-2: 2-RUN HOME RUN (Flyball, 78XD, EV 101.2 MPH), Distance : 414 ft
|
| Bottom of the 13th over - 2 runs, 1 hit, 0 errors, 0 left on base; Brockton 3 - London 5 |
| |
|
Game Over ... London defeats Brockton, 5 to 3
|
|
|